 Dungeon Sprint DCSS version 0.22-a0-185-ge330310 (webtiles) character file.

4600000 Ghella the Invulnerable (level 25, -72/280 HPs)
             Began as a Deep Dwarf Fighter on Feb 15, 2018.
             Was the Champion of Makhleb.
             Annihilated by a destroyer
             ... wielding a +9 great sword of slicing
              (182 damage)
             ... in the Dungeon (Sprint VIII: "Arena of Blood").
             The game lasted 00:03:00 (46 turns).

Ghella the Invulnerable (Deep Dwarf Fighter)          Turns: 46, Time: 00:03:02

Health: -72/280    AC: 13    Str: 29    XL:     25   Next: 50%
Magic:  25/54      EV: 26    Int: 12    God:    Makhleb [******]
Gold:   0          SH:  0    Dex: 12    Spells: 78/78 levels left

rFire    . . .     SeeInvis .   l - +∞ Axe of Woe
rCold    . . .     Gourm    .   (shield currently unavailable)
rNeg     + . .     Faith    .   b - +0 scale mail
rPois    .         Spirit   .   (no helmet)
rElec    .         Reflect  .   (no cloak)
rCorr    .         Harm     .   (no gloves)
MR       +++..     NoTele   +   (no boots)
Stlth    ++++++++..             (no amulet)
HPRegen  0.00/turn              (no ring)
MPRegen  0.34/turn              (no ring)

@: non-regenerating
A: damage resistance, heal wounds, negative energy resistance 1, sense
surroundings 3, no regeneration
a: Heal Wounds, Minor Destruction, Lesser Servant of Makhleb, Major Destruction,
Greater Servant of Makhleb, Renounce Religion


You were in the Dungeon.
You worshipped Makhleb.
Makhleb was exalted by your worship.
You were not hungry.

You visited 1 branch

Inventory:

Hand Weapons
 a - a +0 war axe
 l - the +∞ Axe of Woe (weapon)
   (You found it in the Dungeon)
Armour
 b - a +0 scale mail (worn)
 c - a +0 shield
Scrolls
 k - a scroll of blinking
Potions
 d - a potion of might
 e - a potion of curing
 g - a potion of heal wounds
 h - a potion of haste
 i - 2 potions of magic
 j - a potion of berserk rage
Comestibles
 f - a ration


   Skills:
 O Level 27 Fighting
 O Level 27 Axes
 O Level 27 Throwing
 O Level 27 Armour
 O Level 27 Dodging
 O Level 27 Stealth
 O Level 27 Shields
 O Level 27 Unarmed Combat
 O Level 27 Spellcasting
 O Level 27 Invocations


You had 78 spell levels left.
You didn't know any spells.

Dungeon Overview and Level Annotations

Branches:
Dungeon (1/1)

Altars:
Makhleb


Innate Abilities, Weirdness & Mutations

You are resistant to damage.
You can heal yourself by infusing magical energy.
You resist negative energy. (rN+)
You passively map a large area around you.
You do not regenerate.


Message History

You feel better.
You hear a shout!
You hear two shouts!
You hear a shout! x4
The destroyer blinks! x2
You hear a shout!
The meat berserker rages.
The corpses meld into an agglomeration of writhing flesh!
You hear a shout! 2 orcs, a small abomination and a skeletal warrior come into view.
An orc and an ogre come into view.
You hear a shout! x7; The bag of meat shouts!
A meat berserker comes into view. It is wielding a +9 battleaxe.
Unknown command.
You hear a shout! x2
The bag of meat moves out of view.
You hear a shout!
The eight-headed meat hydra is engulfed in blazing flames.
You hear a shout!
The destroyer hits you with a +9 great sword of slicing!!!!!
Ouch! That really hurt!
You die...

, , , , ,,,, , ,* , , , ,
#.#...... .... ,, ,
,,,,.o.......####...z , ,
.......oz........oo..o,,
, ........o.o........Oz#,
, ,
o.........O.....oo.o.. ,
,,, ,
..............oO.o...#
#......O#....§o...O.. ,,
, ,#.......#.x..@Vo§...#
, ,
.###.......###)..V......
,, *
......###..)§D§.o.....##*
,
......)_).))§§§.........
,,
....#.))..#.§§§O..#.#...
, ,* .
#_)<)_#.............,, ,
,#.))..#......#o#.#.. ,,
....._..............,, ,,
......###.........#.# *,


You could see an eight-headed meat hydra, 2 destroyers, 3 sculptors of flesh, a
large bag of meat (inner flame), 4 meat berserkers, a small abomination and 15
bags of meat.

Vanquished Creatures
  2 vampire knights (D)
  15 ogres (D)
  A two-headed ogre (D)
  A hydra (D)
  31 orcs (D)
50 creatures vanquished.

Notes
Turn   | Place    | Note
-------+----------+-------------------------------------------
     0 | D        | Found the +∞ Axe of Woe
     0 | D        | Ghella the Deep Dwarf Fighter began the quest for the Orb.
     0 | D        | Reached XP level 1. HP: 20/20 MP: 1/1
     2 | D        | Noticed a bag of meat
     3 | D        | Noticed a bag of meat
     3 | D        | Noticed a bag of meat
     4 | D        | Noticed a bag of meat
     5 | D        | Noticed a meat berserker
     6 | D        | Noticed a bag of meat
     7 | D        | Killed a meat berserker
     7 | D        | Reached XP level 2. HP: 56/56 MP: 2/2
     7 | D        | Reached XP level 3. HP: 63/63 MP: 3/3
     7 | D        | Reached XP level 4. HP: 72/72 MP: 4/4
     7 | D        | Reached XP level 5. HP: 80/80 MP: 5/5
     7 | D        | Reached XP level 6. HP: 88/88 MP: 6/6
     7 | D        | Reached XP level 7. HP: 96/96 MP: 7/7
     7 | D        | Reached XP level 8. HP: 104/104 MP: 8/8
     7 | D        | Gained mutation: You passively map the area around you. [Deep Dwarf growth]
     7 | D        | Reached XP level 9. HP: 112/112 MP: 9/9
     7 | D        | Reached XP level 10. HP: 121/121 MP: 10/10
     7 | D        | Reached XP level 11. HP: 128/128 MP: 11/11
     7 | D        | Reached XP level 12. HP: 136/136 MP: 12/12
     7 | D        | Reached XP level 13. HP: 144/144 MP: 13/13
     8 | D        | Noticed a bag of meat
     8 | D        | Noticed a meat berserker
     8 | D        | Noticed a bag of meat
     8 | D        | Noticed a bag of meat
     8 | D        | Noticed a bag of meat
     8 | D        | Killed a bag of meat
     9 | D        | Noticed a bag of meat
     9 | D        | Killed a bag of meat
     9 | D        | Gained mutation: You resist negative energy. (rN+) [Deep Dwarf growth]
     9 | D        | Reached XP level 14. HP: 147/160 MP: 14/14
     9 | D        | Killed a bag of meat
     9 | D        | Killed a bag of meat
     9 | D        | Reached skill level 15 in Axes
     9 | D        | Reached XP level 15. HP: 158/172 MP: 15/15
    10 | D        | Noticed a meat berserker
    10 | D        | Noticed a meat berserker
    11 | D        | Killed a meat berserker
    11 | D        | Reached skill level 27 in Armour
    11 | D        | Reached skill level 27 in Shields
    11 | D        | Reached XP level 16. HP: 178/194 MP: 16/16
    11 | D        | Reached skill level 1 in Dodging
    11 | D        | Reached skill level 27 in Fighting
    11 | D        | Reached XP level 17. HP: 190/208 MP: 17/17
    12 | D        | Noticed a meat berserker
    13 | D        | Killed a meat berserker
    13 | D        | Reached skill level 27 in Axes
    14 | D        | Noticed a meat berserker
    15 | D        | Became a worshipper of Makhleb the Destroyer
    16 | D        | Gained mutation: You passively map a large area around you. [Deep Dwarf growth]
    16 | D        | Reached XP level 18. HP: 189/218 MP: 18/18
    16 | D        | Killed a meat berserker
    16 | D        | Reached * piety under Makhleb
    16 | D        | Reached skill level 27 in Dodging
    17 | D        | Killed a meat berserker
    17 | D        | Reached skill level 5 in Stealth
    17 | D        | Reached XP level 19. HP: 226/226 MP: 18/36
    17 | D        | Reached skill level 10 in Stealth
    17 | D        | Reached skill level 27 in Invocations
    18 | D        | Killed a meat berserker
    18 | D        | Reached ** piety under Makhleb
    20 | D        | Noticed a meat berserker
    21 | D        | Noticed a meat berserker
    23 | D        | Noticed a meat berserker
    23 | D        | Noticed a meat berserker
    23 | D        | Noticed a meat berserker
    24 | D        | Noticed a destroyer
    24 | D        | Reached skill level 15 in Throwing
    24 | D        | Reached skill level 15 in Unarmed Combat
    25 | D        | Noticed a meat berserker
    25 | D        | Killed a meat berserker
    25 | D        | Reached *** piety under Makhleb
    25 | D        | Reached XP level 20. HP: 199/236 MP: 19/40
    26 | D        | Noticed a destroyer
    27 | D        | Noticed a meat berserker
    27 | D        | Killed a meat berserker
    27 | D        | Killed a meat berserker
    27 | D        | Reached skill level 27 in Stealth
    27 | D        | Reached XP level 21. HP: 244/244 MP: 20/44
    28 | D        | Noticed a large bag of meat
    28 | D        | Reached **** piety under Makhleb
    29 | D        | Reached ***** piety under Makhleb
    29 | D        | Reached XP level 22. HP: 254/254 MP: 20/50
    29 | D        | Reached skill level 27 in Throwing
    29 | D        | Reached skill level 27 in Unarmed Combat
    30 | D        | Reached skill level 27 in Spellcasting
    32 | D        | Reached ****** piety under Makhleb
    32 | D        | Reached XP level 23. HP: 262/262 MP: 21/54
    33 | D        | Killed a destroyer
    34 | D        | Reached XP level 24. HP: 272/272 MP: 21/54
    35 | D        | Killed a large bag of meat
    37 | D        | Noticed a large bag of meat
    38 | D        | Noticed a destroyer
    39 | D        | Killed a destroyer
    39 | D        | Reached XP level 25. HP: 272/280 MP: 22/54
    40 | D        | Noticed a destroyer
    46 | D        | Annihilated by a destroyer

Vault maps used:
D:        meatsprint

Skill      XL: |  1  2  3  4  5  6  7  8  9 10 11 12 13 14 15 16 17 18 19 20 21 22 |
---------------+-------------------------------------------------------------------+-----
Fighting       | 17 19 21 25 27 | 27.0
Axes           | 11 13 15 19 23 27 | 27.0
Armour         | 19 22 24 27 | 27.0
Shields        | 19 22 24 27 | 27.0
Dodging        | 2 24 27 | 27.0
Throwing       | 4 17 20 26 27 | 27.0
Stealth        | 5 22 27 | 27.0
Unarmed Combat | 4 17 21 26 27 | 27.0
Spellcasting   | 3 16 19 24 27 | 27.0
Invocations    | 26 27 | 27.0

Action                   |  1- 3 |  4- 6 |  7- 9 | 10-12 | 13-15 | 16-18 | 19-21 | 22-24 | 25-27 || total
-------------------------+-------+-------+-------+-------+-------+-------+-------+-------+-------++-------
Melee: Executioner's axe |     1 |       |       |       |     4 |     3 |     7 |    10 |     3 ||    28

Table legend:
 A = Spawn XP
 B = Non-spawn XP
 C = Spawn XP percentage of total XP
 D = Spawn monster count
 E = Non-spawn monster count
 F = Spawn count percentage of total count
 G = Total turns spent on level
                    A         B        C        D         E        F      G
               +---------+---------+-------+---------+---------+-------+---------
         Total |       0 | 1231319 |   0.0 |       0 |      50 |   0.0 |    46
               +---------+---------+-------+---------+---------+-------+---------
             D |       0 | 1231319 |   0.0 |       0 |      50 |   0.0 |    46
               +---------+---------+-------+---------+---------+-------+---------
